 Dungeon Crawl Stone Soup version 0.28-a0-1080-g05a166d0ed (webtiles) character file.

Game seed: 10909192611069604450

127 spiderkeys the Magician (level 4, 0/27 HPs)
             Began as a Deep Elf Abyssal Knight on Dec 10, 2021.
             Was a Priest of Lugonu.
             Killed from afar by an orc wizard (11 damage)
             ... with a puff of flame
             ... on level 3 of the Dungeon.
             The game lasted 00:04:52 (2189 turns).

spiderkeys the Magician (Deep Elf Abyssal Knight)   Turns: 2189, Time: 00:04:52

Health: 0/27       AC:  3    Str: 10    XL:     4   Next: 85%
Magic:  11/11      EV: 12    Int: 17    God:    Lugonu [***...]
Gold:   59         SH:  0    Dex: 15    Spells: 4/10 levels left

rFire   . . .      SeeInvis .   m - +2 war axe (distort)
rCold   . . .      Faith    .   (no shield)
rNeg    . . .      Spirit   .   b - +0 leather armour
rPois   .          Reflect  .   (no helmet)
rElec   .          Harm     .   (no cloak)
rCorr   .          Rampage  .   (no gloves)
Will    .....                   (no boots)
Stlth   +.........              (no amulet)
HPRegen 0.09/turn               (no ring)
MPRegen 0.12/turn               (no ring)

@: confused
A: no striking features
a: Renounce Religion, Depart the Abyss, Bend Space, Banish


You were on level 3 of the Dungeon.
You worshipped Lugonu.
Lugonu was most pleased with you.
You visited 1 branch of the dungeon, and saw 3 of its levels.
You visited the Abyss 1 time.

You collected 59 gold pieces.


   Skills:
 - Level 2.4 Fighting
 - Level 2.0 Short Blades
 - Level 0.7 Armour
 - Level 2.4 Dodging
 + Level 3.9 Spellcasting
 * Level 3.6 Conjurations
 - Level 2.0 Invocations


You had 4 spell levels left.
You knew the following spells:

 Your Spells              Type           Power      Damage    Failure   Level
c - Mephitic Cloud        Conj/Pois/Air  7%         N/A       36%         3
m - Magic Dart            Conj           60%        1d6       4%          1
s - Searing Ray           Conj           30%        2d5       8%          2

Your spell library contained the following spells:

 Spells                   Type           Power      Damage    Failure   Level
 Call Imp                 Summ           3%         N/A       32%         2
 Flame Wave               Conj/Fire      9%         2d4       71%         4
 Fulminant Prism          Conj/Hex       4%         3d6       71%         4
 Animate Dead             Necr           1%         N/A       91%         4
 Haunt                    Necr/Summ      1%         N/A       100%        7

Inventory:

Hand Weapons
 a - a +1 short sword
 j - a +3 shortbow of freezing
   (You found it on level 4 of the Abyss)
 m - a +2 war axe of distortion (weapon)
   (You found it on level 1 of the Dungeon)
Missiles
 c - 28 stones
 f - 8 sling bullets
 l - 61 arrows
 q - 7 poisoned darts
Armour
 b - a +0 leather armour (worn)
Wands
 d - a wand of paralysis (2)
   (You found it on level 2 of the Abyss)
Scrolls
 h - a scroll of fog
 n - a scroll of blinking {unknown}
 p - a scroll of noise {!r}
 r - a scroll of fear {unknown}
 v - a scroll of teleportation {unknown}
 w - a scroll of torment {unknown}
 x - a scroll of enchant weapon {unknown}
Potions
 e - a potion of resistance {unknown}
 g - a potion of lignification {unknown}
 i - a potion of heal wounds {unknown}
 k - a potion of attraction {unknown}
 o - a potion of curing {unknown}
 s - a potion of flight {unknown}
 t - a potion of magic {unknown}
 u - a potion of cancellation {unknown}

Dungeon Overview and Level Annotations

Branches:
Dungeon (3/15)

Altars:

... ...# ...
#.##..###..#
#.##..........#
#.............##
#..........
#)###...... #.#
#.### #{# .. #@#
# #.# #.# #.#
#.# #.# #.# #.#


There were no monsters in sight!


Message History

😕 HP[-6] MP[-1]
You take 6 damage, and now have 21/27 hp.
MASSIVE DAMAGE!! (PAUSE)
You lost 1 mp, and now have 6/11 mp.
The searing ray hits the gnoll.
You kill the gnoll!
Lugonu accepts your kill.
You finish channelling your searing ray. 😕 MP[-1]
You lost 1 mp, and now have 5/11 mp.
You see here a +0 spear.
Key pressed, stopping explore.
Done exploring. 😎 HP[+6] MP[+6]
Your hp is fully restored (27).
Your mp is fully restored (11).
Done exploring.
Done exploring.
There is a stone staircase leading down here.
You climb downwards.
The kobold shouts!
You hear a shout! x2
There is a stone staircase leading up here.
The kobold closely misses you.
You slash the kobold!
You kill the kobold!
Lugonu accepts your kill.
No target in view!
A hobgoblin and an orc come into view.
Found an escape hatch in the ceiling.
Things that are here:
a +0 club; a kobold corpse
There are monsters nearby!
There are monsters nearby!
An orc wizard comes into view. It is wielding a +0 dagger.
The orc wizard shouts!
An orc comes into view. It is wielding a +1 mace of holy wrath.
You closely miss the hobgoblin.
The orc shouts!
You hear a shout! x2
An orc comes into view. It is wielding a +0 short sword.
An orc comes into view. It is wielding a +0 whip.
The hobgoblin barely misses you. The orc hits you with a +0 short sword.
The orc wizard gestures wildly while chanting.
The orc wizard flickers and vanishes!
Deactivating autopickup; reactivate with Ctrl-A.
The hobgoblin hits you. 😕 HP[-6]
You take 6 damage, and now have 21/27 hp.
MASSIVE DAMAGE!! (PAUSE) 😕 HP[+1]
Things that are here:
a +0 club; a kobold corpse You hit the orc.
Space warps horribly around the orc!!
You kill the orc!
Lugonu accepts your kill.
You barely miss the hobgoblin. The hobgoblin barely misses you. x2
You slash the hobgoblin!
You kill the hobgoblin!
Lugonu accepts your kill.
You hit the orc.
The orc is devoured by a tear in reality.
Lugonu claims a new guest.
Something hits you but does no damage.
You hit something. You slash the orc!
You kill the orc!
Lugonu accepts your kill.
You can now banish your foes.
The orc hits you with a +0 short sword. 😮 HP[-5]
You take 5 damage, and now have 17/27 hp.
You slash the orc!
You kill the orc!
Lugonu accepts your kill. Something hits you.
Items here: )))) †††. 😮 HP[-1]
You take 1 damage, and now have 16/27 hp.
You slash something! Something hits you. 😮 HP[-1]
You take 1 damage, and now have 15/27 hp.
Something hits you but does no damage.
Items here: )))) †††.
You hear some strange, mumbled words.
You are confused.
There is a stone staircase leading up here.
In your confused state, you trip and fall back down the stairs.
Something hits you but does no damage.
Unknown command.
You barely miss something. Something hits you. 😮 HP[-1]
You take 1 damage, and now have 14/27 hp.
You bump into the rock wall.
Something hits you.
* * * LOW HITPOINT WARNING * * *
😨 HP[-3]
You take 3 damage, and now have 11/27 hp.
You bump into the rock wall.
You hear some strange, mumbled words.
A puff of flame appears from out of thin air!
The puff of flame hits you!
You die...

Skill      XL: |  1  2  3  4 |
---------------+-------------+-----
Spellcasting   | 2 3 |  3.9
Conjurations   | 1 2 3 |  3.6
Fighting       | |  2.4
Short Blades   | |  2.0
Armour         | |  0.7
Dodging        | |  2.4
Invocations    | |  2.0

Action                   |  1- 3 |  4- 6 || total
-------------------------+-------+-------++-------
Melee: Short sword       |    28 |       ||    28
       War axe           |    53 |    30 ||    83
 Fire: Shortbow          |     3 |       ||     3
 Cast: Magic Dart        |     2 |     5 ||     7
       Searing Ray       |       |     3 ||     3
  Use: Scroll            |       |     3 ||     3
Armor: Leather armour    |    28 |    10 ||    38
Dodge: Dodged            |    70 |    18 ||    88

Levels and vault maps discovered:
D:1:      wheals_arrival_shading, layout_rooms
D:2:      layout_basic, basic_ecumenical_altar, minmay_misc_feat_encased,
          minmay_misc_feat_alley, minmay_ruptured
D:3:      minmay_door_path, layout_loops_ring, gammafunk_ghost_necromancy,
          uniq_jessica

Notes
Turn   | Place    | Note
-------+----------+-------------------------------------------
     0 | Abyss:1  | spiderkeys the Deep Elf Abyssal Knight began the quest for
                  | the Orb.
     0 | Abyss:1  | Reached XP level 1. HP: 13/13 MP: 4/4
     0 | Abyss:1  | magus.rc [v1.9.10]
    68 | Abyss:2  | Noticed a worldbinder
    76 | Abyss:3  | You pick up a book of Conjurations and begin reading...
    76 | Abyss:3  | You add the spells Magic Dart, Searing Ray and Fulminant
                  | Prism to your library.
   126 | Abyss:4  | Noticed a large abomination
   139 | D:1      | You pass through the gate.
   139 | D:1      | Escaped the Abyss
   223 | D:1      | Reached skill level 1 in Spellcasting
   400 | D:1      | Reached skill level 2 in Spellcasting
   404 | D:1      | Reached XP level 2. HP: 15/18 MP: 7/7
   417 | D:1      | You add the spells Flame Wave, Animate Dead and Haunt to
                  | your library.
   417 | D:1      | Got the Volume of Karma
   420 | D:1      | Learned a level 1 spell: Magic Dart
   489 | D:1      | Reached skill level 1 in Conjurations
   517 | D:1      | Reached ** piety under Lugonu
   558 | D:1      | Reached XP level 3. HP: 22/22 MP: 9/9
   799 | D:1      | Reached skill level 3 in Spellcasting
   799 | D:1      | Reached skill level 2 in Conjurations
  1000 | D:1      | Learned a level 2 spell: Searing Ray
  1365 | D:2      | You pick up a book of Minor Magic and begin reading...
  1365 | D:2      | You add the spells Call Imp and Mephitic Cloud to your
                  | library.
  1370 | D:2      | Learned a level 3 spell: Mephitic Cloud
  1456 | D:2      | Reached XP level 4. HP: 26/27 MP: 11/11
  1618 | D:2      | Reached skill level 3 in Conjurations
  1948 | D:2      | Found a faded altar of an unknown god.
  2175 | D:3      | Reached *** piety under Lugonu
  2189 | D:3      | Killed from afar by an orc wizard

Vanquished Creatures
  4 gnolls
  2 adders (D:2)
  A worm (D:2)
  A dart slug (D:1)
  3 orcs (D:3)
  3 endoplasms (D:1)
  9 goblins
  5 hobgoblins
  8 jackals (D:1)
  A quokka (D:1)
  4 ball pythons (D:1)
  5 bats
  4 frilled lizards
  2 kobolds
  6 rats
58 creatures vanquished.

Table legend:
 A = Non-vault XP
 B = Vault XP
 C = Vault XP percentage of total XP
 D = Non-vault monster count
 E = Vault monster count
 F = Vault count percentage of total count
                 A         B        C        D         E       F
            +---------+---------+-------+---------+---------+-------
      Total |     180 |       2 |   1.1 |      58 |       1 |   1.7
            +---------+---------+-------+---------+---------+-------
        D:1 |      77 |       0 |   0.0 |      36 |       0 |   0.0
        D:2 |      87 |       2 |   2.2 |      16 |       1 |   5.9
        D:3 |      16 |       0 |   0.0 |       6 |       0 |   0.0
            +---------+---------+-------+---------+---------+-------

Illustrated notes

Table legend:
 A = Kills in this place as a percentage of kills in entire the game.
 B = Kills by you in this place as a percentage of kills by you in the entire game.
 C = Kills by friends in this place as a percentage of kills by friends in the entire game.
 D = Other kills in this place as a percentage of other kills in the entire game.
 E = Experience gained in this place as a percentage of experience gained in the entire game.
 F = Experience gained in this place divided by the number of levels of this place that you have seen.
                   A       B       C       D       E      F
               +-------+-------+-------+-------+-------+----------------------
         Total | 100.0 | 100.0 |   N/A | 100.0 | 100.0 |  26.0
       Dungeon | 100.0 | 100.0 |   N/A | 100.0 | 100.0 |  60.7
               +-------+-------+-------+-------+-------+----------------------

Table legend: (Time is in decaauts)
 A = Elapsed time spent in this place.
 B = Non-inter-level travel time spent in this place.
 C = Inter-level travel time spent in this place.
 D = Time resting spent in this place.
 E = Time spent auto-exploring this place.
 F = Levels seen in this place.
 G = Mean time per level.
                   A        B        C        D        E       F      G
               +--------+--------+--------+--------+--------+-----+--------+
         Total |   2229 |   2170 |     59 |    205 |   1450 |   7 |  318.4 |
       Dungeon |   2091 |   2032 |     59 |    205 |   1403 |   3 |  697.0 |
         Abyss |    138 |    138 |      0 |      0 |     47 |   4 |   34.5 |
               +--------+--------+--------+--------+--------+-----+--------+

Top non-repeatable levels by time:
     D:1: 1140 daAuts
     D:2: 915 daAuts
 Abyss:2: 50 daAuts
 Abyss:4: 44 daAuts
     D:3: 35 daAuts
 Abyss:3: 23 daAuts
 Abyss:1: 19 daAuts
